 Dungeon Crawl Stone Soup version 0.20.1 (webtiles) character file.

18 Sunburn the Firebug (level 2, -3/24 HPs)
             Began as an Ogre Fire Elementalist on July 2, 2017.
             Slain by a hobgoblin
             ... wielding a +0 club
              (7 damage)
             ... on level 1 of the Dungeon.
             The game lasted 00:02:34 (726 turns).

Sunburn the Firebug (Ogre Fire Elementalist)         Turns: 726, Time: 00:02:35

Health: -3/24      AC:  3    Str: 11    XL:     2   Next: 66%
Magic:  4/5        EV: 10    Int: 16    God:
Gold:   53         SH:  0    Dex:  9    Spells: 5/6 levels left

rFire    . . .     SeeInvis .   f - +0 club
rCold    . . .     Gourm    .   (no shield)
rNeg     . . .     Faith    .   a - +0 robe
rPois    .         Spirit   .   (helmet restricted)
rElec    .         Reflect  .   (no cloak)
rCorr    .         Harm     .   (gloves unavailable)
MR       .....                  (boots unavailable)
Stlth    +.........             (no amulet)
Regen    0.1/turn               (no ring)
MPRegen  0.1/turn               (no ring)

@: very slightly contaminated
A: unfitting armour, tough skin 1
a: no special abilities


You were on level 1 of the Dungeon.
You were not hungry.

You visited 1 branch of the dungeon, and saw 1 of its levels.

You collected 53 gold pieces.

Inventory:

Hand Weapons
 f - a +0 club (weapon)
 h - a +4 vampiric dagger
Armour
 a - a +0 robe (worn)
Scrolls
 i - a scroll of fog {unknown}
Potions
 d - a potion of agility
Books
 b - a book of Flames

   Spells                             Type                      Level
   a - Flame Tongue                   Conjuration/Fire             1
   b - Throw Flame                    Conjuration/Fire             2
   c - Conjure Flame                  Conjuration/Fire             3
   d - Inner Flame                    Hexes/Fire                   3
   e - Sticky Flame                   Conjuration/Fire             4
   f - Fireball                       Conjuration/Fire             5
Comestibles
 c - 2 bread rations
 g - a chunk of flesh


   Skills:
 - Level 1.8 Dodging
 - Level 1.4 Stealth
 * Level 2.7 Spellcasting
 * Level 1.1 Conjurations
 * Level 3.2 Fire Magic


You had 5 spell levels left.
You knew the following spells:

 Your Spells              Type           Power        Failure   Level  Hunger
a - Flame Tongue          Conj/Fire      #....        8%          1    #......


Dungeon Overview and Level Annotations

Branches:
Dungeon (1/15)

Altars:


Innate Abilities, Weirdness & Mutations

You are too large for most types of armour.
You have tough skin. (AC +1)


Message History

The hobgoblin closely misses you.
You hit the hobgoblin.
The hobgoblin is heavily wounded.
The hobgoblin hits you with a club. The hobgoblin barely misses you.
Found a stone staircase leading down.
There is an open door here.
A leopard gecko comes into view.
There is an open door here.
You barely miss the hobgoblin.
The hobgoblin is heavily wounded.
The leopard gecko hisses angrily.
The hobgoblin hits you with a club.
* * * LOW HITPOINT WARNING * * *
You barely miss the hobgoblin.
The hobgoblin is heavily wounded.
The hobgoblin hits you with a club.
* * * LOW HITPOINT WARNING * * *
The hobgoblin hits you with a club!
You die...

........................#
......#........###......##
......#........#..........
......##..................
......##..##..............
###'#####.##....l.........
........#..#...#l#........
...............#g#.###....
........##..#. #@#l. ....
.....................# ...
..........#.#.#...........
..........#.. ..........
##........## .......l...
#.....##.# .>.#.........
####.....##...#........
###### #...#........


You could see 2 leopard geckos, a hobgoblin and a frilled lizard.

Vanquished Creatures
  A leopard gecko (D:1)
  A ball python (D:1)
  2 goblins (D:1)
  3 hobgoblins (D:1)
  3 bats (D:1)
  A frilled lizard (D:1)
  2 kobolds (D:1)
  4 rats (D:1)
17 creatures vanquished.

Vanquished Creatures (others)
  A ghoul (D:1)
  A minotaur (D:1)
  4 octopodes (D:1)
  A gargoyle (D:1)
  A vine stalker (D:1)
  A spriggan (D:1)
  A vampire (D:1)
  A human (D:1)
  2 centaurs (D:1)
  An ogre (D:1)
  An orc (D:1)
  6 tentacles (D:1)
21 creatures vanquished.

Grand Total: 38 creatures vanquished

Notes
Turn   | Place    | Note
-------+----------+-------------------------------------------
     0 | D:1      | Sunburn the Ogre Fire Elementalist began the quest for the Orb.
     0 | D:1      | Reached XP level 1. HP: 16/16 MP: 3/3
     2 | D:1      | Noticed a centaur
     2 | D:1      | Noticed a minotaur
     2 | D:1      | Noticed a vine stalker
     2 | D:1      | Noticed a vampire
     2 | D:1      | Noticed a ghoul
     2 | D:1      | Noticed an ogre
     2 | D:1      | Noticed a spriggan
     2 | D:1      | Noticed an octopode
     2 | D:1      | Noticed a kraken
     2 | D:1      | Noticed an octopode
     2 | D:1      | Noticed an octopode
     2 | D:1      | Noticed a gargoyle
     2 | D:1      | Noticed a human
     2 | D:1      | Noticed a centaur
     2 | D:1      | Noticed an octopode
     3 | D:1      | Killed an octopode
     4 | D:1      | Killed an ogre
     5 | D:1      | Killed an octopode
     8 | D:1      | Killed a gargoyle
     8 | D:1      | Killed an octopode
    10 | D:1      | Killed a human
    11 | D:1      | Killed a centaur
    13 | D:1      | Killed a spriggan
    14 | D:1      | Killed an octopode
    14 | D:1      | Killed a vampire
    15 | D:1      | Killed a centaur
    16 | D:1      | Killed a vine stalker
    17 | D:1      | Killed a minotaur
    18 | D:1      | Killed a ghoul
   289 | D:1      | Reached skill level 1 in Conjurations
   340 | D:1      | Reached skill level 3 in Fire Magic
   402 | D:1      | Reached XP level 2. HP: 22/24 MP: 5/5
   726 | D:1      | Slain by a hobgoblin

Skill      XL: |  1 |
---------------+----+-----
Conjurations   | 1 |  1.1
Fire Magic     | 3 |  3.2
Dodging        | |  1.8
Stealth        | |  1.4
Spellcasting   | |  2.7

Action                   || total
-------------------------++-------
Melee: Club              ||    50
       Unarmed           ||    11
 Cast: Flame Tongue      ||     4
  Use: Scroll            ||     2
       Potion            ||     1
 Stab: Sleeping          ||     2
Armor: Robe              ||    16
Dodge: Dodged            ||    36
